 Dungeon Crawl Stone Soup version 0.26.1-11-gd32895ea62 (webtiles) character file.

Game seed: 8943095439678783058

11835 Zeld the Cruncher (level 11, 0/64 HPs)
             Began as an Octopode Gladiator on May 23, 2021.
             Was an Elder of Okawaru.
             Slain by a white ugly thing (9 damage)
             ... on level 11 of the Dungeon.
             The game lasted 00:20:01 (22634 turns).

Zeld the Cruncher (Octopode Gladiator)             Turns: 22634, Time: 00:20:02

Health: 0/64       AC:  3    Str: 17    XL:     11   Next: 83%
Magic:  11/11      EV: 14    Int: 10    God:    Okawaru [****..]
Gold:   518        SH:  5    Dex: 14    Spells: 10/10 levels left

rFire    . . .     SeeInvis .   a - +2 quarterstaff
rCold    + . .     Faith    .   (shield currently unavailable)
rNeg     . . .     Spirit   .   b - +2 hat
rPois    +         Reflect  +   y - amulet of reflection
rElec    .         Harm     .   j - ring of resist corrosion
rCorr    +         Rampage  .   v - ring of protection from cold
Will     .....                  g - ring of poison resistance
Stlth    ++........             (no ring)
HPRegen  0.20/turn              (no ring)
MPRegen  0.12/turn              (no ring)
                                (no ring)
                                (no ring)

@: hasted, very quick
A: almost no armour, stealthy swim, amphibious, 8 rings, constrict 8, camouflage
1, gelatinous body 1
a: Renounce Religion, Heroism


You were on level 11 of the Dungeon.
You worshipped Okawaru.
Okawaru was greatly pleased with you.
You visited 2 branches of the dungeon, and saw 12 of its levels.

You collected 778 gold pieces.
You spent 260 gold pieces at shops.

Inventory:

Hand Weapons
 a - a +2 quarterstaff (weapon)
Missiles
 c - 4 throwing nets
 r - 19 poisoned darts (quivered)
 w - 10 boomerangs
 F - 7 javelins
 K - 2 boomerangs of dispersal
 L - 4 atropa-tipped darts
Armour
 b - a +2 hat (worn)
Jewellery
 g - a ring of poison resistance (on tentacle)
 j - a ring of resist corrosion (left tentacle)
 v - a ring of protection from cold (right tentacle)
 y - an amulet of reflection (around mantle)
 J - an uncursed ring of flight
Wands
 n - a wand of random effects (17)
 o - a wand of disintegration (18)
 s - a wand of digging (6)
 u - a wand of polymorph (7)
 A - a wand of flame (13)
 B - a wand of paralysis (10)
Scrolls
 h - 2 scrolls of magic mapping
 k - 2 scrolls of amnesia
 x - 3 scrolls of remove curse
 D - a scroll of enchant armour
 E - a scroll of torment {unknown}
 H - a scroll of random uselessness {unknown}
 I - a scroll of acquirement {unknown}
 M - a scroll of vulnerability {unknown}
Potions
 e - a potion of magic
 f - 3 potions of flight {unknown}
 i - 2 potions of berserk rage {unknown}
 l - 2 potions of brilliance {unknown}
 m - a potion of mutation {unknown}
 p - a potion of cancellation {unknown}
 q - 5 potions of curing
 t - 4 potions of degeneration {unknown}
 z - 2 potions of attraction {unknown}
 C - 5 potions of lignification {unknown}
 G - a potion of might {unknown}


   Skills:
 - Level 2.0 Fighting
 - Level 14.0 Staves
 * Level 11.9 Throwing
 - Level 3.0 Dodging


You had 10 spell levels left.
You didn't know any spells.
Your spell library was empty.

Dungeon Overview and Level Annotations

Branches:
Dungeon (11/15)            Temple (1/1) D:5            Lair (0/6) D:9
    Orc (0/2) D:10

Altars:
Ashenzari
Cheibriados
Dithmenos
Elyvilon
Fedhas
Gozag
Hepliaklqana
Kikubaaqudgha
Makhleb
Nemelex Xobeh
Okawaru
Qazlal
Ru
Sif Muna
Trog
Uskayaw
Vehumet
Wu Jian
Xom
Yredelemnul
Zin
The Shining One

Shops:
D:5 =   D:8 [

Annotations:
D:10 Grum


Innate Abilities, Weirdness & Mutations

You cannot wear most types of armour.
You are very stealthy in the water. (Stealth+)
You are amphibious.
You can wear up to eight rings at the same time.
You can use your tentacles to constrict eight enemies at once.
Your skin changes colour to match your surroundings (Stealth+).
Your rubbery body absorbs attacks. (AC +1, EV +1)


Message History

The white ugly thing completely misses you.
You feel like a meek peon again. The white ugly thing bites you.
The white ugly thing freezes you! You resist.
You thump the white ugly thing! You grab the white ugly thing.
You squeeze the white ugly thing!
The white ugly thing is moderately wounded.
You constrict the white ugly thing. The white ugly thing bites you!
The white ugly thing freezes you! You resist.
You are too injured to fight recklessly!
You are too injured to fight recklessly!
You release your grip on the white ugly thing.
Okay, then.
The white ugly thing bites you. The white ugly thing freezes you! You resist.
* * * LOW HITPOINT WARNING * * *
Okay, then.
Aiming: Paralyse
Press: ? - help, Shift-Dir - straight line
Okay, then.
You feel yourself speed up. The white ugly thing bites you!
You die...

# #.#........#
#.##.#.######## #.#
#.........# #.# .#
####.#.##.######## #.# ..
#.#.#.......... #.# #.
#.#.##############.###.
#.#..............#.#...
...####.##############.#.#.##
...........u@..............##
...####.#######<.......#.####
#.# ############..... #(#
#.......>........ ####.###
#.........####### #......#
#=........# #......#
#.........# #......#
#.........# ####.###
#.........#


You could see a white ugly thing.

Vanquished Creatures
  2 two-headed ogres (D:9)
  A queen ant (D:9)
  An ugly thing (D:11)
  A cyclops (D:11)
  A centaur zombie (D:11)
  Joseph (D:9)
  2 gargoyles
  A komodo dragon (D:9)
  2 trolls
  3 shadows (D:10)
  A vampire (D:10)
  4 yaks
  A wraith (D:10)
  A steam dragon (D:11)
  An acid dragon (D:9)
  A soldier ant (D:9)
  Duvessa (D:4)
  A water moccasin (D:9)
  5 ice beasts
  A phantom (D:9)
  6 orc warriors
  2 sky beasts
  A black bear (D:11)
  5 ogres
  An eye of draining (D:7)
  2 wolves (D:10)
  4 centaurs
  5 bullfrogs
  3 big kobolds
  Blork the orc (D:5)
  5 scorpions
  2 troll zombies (D:10)
  Dowan (D:4)
  4 killer bees
  4 wights (D:8)
  A howler monkey (D:9)
  A bullfrog zombie (D:11)
  A hound (D:8)
  7 orc wizards
  A bullfrog skeleton (D:9)
  4 orc priests
  3 centaur skeletons
  Jessica (D:3)
  5 iguanas
  Ijyb (D:5)
  Natasha (thrice) (D:2)
  23 worker ants
  A killer bee zombie (D:8)
  4 ogre zombies (D:10)
  A hound zombie (D:9)
  A hound skeleton (D:11)
  A howler monkey skeleton (D:7)
  6 gnolls (D:7)
  8 adders
  2 shadow imps
  5 white imps
  2 ufetubi
  3 oozes
  An adder zombie (D:6)
  A worm (D:2)
  A dart slug (D:4)
  3 leopard geckos
  28 orcs
  A ball python (D:3)
  6 bats
  3 giant cockroaches
  6 goblins
  8 hobgoblins
  3 jackals
  4 quokkas
  3 frilled lizards
  2 goblin skeletons (D:10)
  A goblin zombie (D:10)
  A jackal skeleton (D:4)
  21 kobolds
  An orc skeleton (D:10)
  15 orc zombies (D:10)
  A quokka skeleton (D:6)
  6 rats
279 creatures vanquished.

Vanquished Creatures (others)
  35 plants (D:9)
35 creatures vanquished.

Grand Total: 314 creatures vanquished

Notes
Turn   | Place    | Note
-------+----------+-------------------------------------------
     0 | D:1      | Zeld the Octopode Gladiator began the quest for the Orb.
     0 | D:1      | Reached XP level 1. HP: 14/14 MP: 1/1
   234 | D:1      | Reached XP level 2. HP: 19/19 MP: 2/2
   705 | D:1      | Reached skill level 4 in Staves
   925 | D:2      | Noticed Natasha
   931 | D:2      | Killed Natasha
   932 | D:2      | Reached XP level 3. HP: 18/24 MP: 3/3
   952 | D:2      | Noticed Natasha
   964 | D:2      | Killed Natasha
   965 | D:2      | Reached skill level 5 in Staves
   965 | D:2      | Reached XP level 4. HP: 23/29 MP: 4/4
  1219 | D:2      | Noticed Natasha
  1225 | D:2      | Killed Natasha
  1276 | D:2      | Reached XP level 5. HP: 20/34 MP: 5/5
  1593 | D:2      | Found a sparkling altar of Nemelex Xobeh.
  1656 | D:3      | Found a shimmering blue altar of Sif Muna.
  1897 | D:3      | Noticed Jessica
  1905 | D:3      | Killed Jessica
  1906 | D:3      | Reached skill level 6 in Staves
  2200 | D:4      | Noticed Duvessa
  2200 | D:4      | Noticed Dowan
  2379 | D:4      | Killed Dowan
  2380 | D:4      | Reached XP level 6. HP: 39/39 MP: 6/6
  2382 | D:4      | Killed Duvessa
  2383 | D:4      | Reached skill level 7 in Staves
  2391 | D:4      | Identified the cursed +0 long sword of Incongruity {vorpal,
                  | +Blink MP-9 Str+6}
  3001 | D:4      | Found a white marble altar of Elyvilon.
  3784 | D:4      | Found a white marble altar of Elyvilon.
  3939 | D:4      | Reached XP level 7. HP: 45/45 MP: 7/7
  4139 | D:5      | Entered Level 5 of the Dungeon
  4342 | D:5      | Found Natog's Jewellery Emporium.
  4464 | D:5      | Reached skill level 8 in Staves
  4965 | D:5      | Found a staircase to the Ecumenical Temple.
  5603 | Temple   | Entered the Ecumenical Temple
  5709 | D:5      | Noticed Blork the orc
  5717 | D:5      | Killed Blork the orc
  5946 | D:5      | Noticed Ijyb
  5955 | D:5      | Killed Ijyb
  5956 | D:5      | Reached skill level 9 in Staves
  6095 | D:5      | Found a shadowy altar of Dithmenos.
  6649 | D:6      | Found a hide-covered altar of Uskayaw.
  7081 | D:7      | Found a white marble altar of Elyvilon.
  7081 | D:7      | Found a glowing silver altar of Zin.
  7083 | D:7      | Found a shimmering altar of Xom.
  7083 | D:7      | Found an iron altar of Okawaru.
  7083 | D:7      | Found a basalt altar of Yredelemnul.
  7083 | D:7      | Found a sparkling altar of Nemelex Xobeh.
  7092 | D:7      | Reached XP level 8. HP: 43/50 MP: 8/8
  7107 | D:7      | Became a worshipper of Warmaster Okawaru
  7338 | D:7      | Found an ancient bone altar of Kikubaaqudgha.
  7372 | D:6      | Reached skill level 10 in Staves
  8977 | D:7      | Reached skill level 11 in Staves
  9504 | D:8      | Reached * piety under Okawaru
 10030 | D:8      | Reached XP level 9. HP: 50/53 MP: 9/9
 10519 | D:8      | Found Ilau's Antique Armour Boutique.
 12866 | D:8      | Reached skill level 12 in Staves
 13482 | D:9      | Reached ** piety under Okawaru
 13780 | D:8      | Reached skill level 13 in Staves
 14412 | D:8      | HP: 2/54 [kobold/+0 dagger (1)]
 14706 | D:9      | Noticed a boulder beetle
 14849 | D:9      | Reached XP level 10. HP: 43/60 MP: 8/10
 15010 | D:9      | Noticed Joseph
 15025 | D:9      | Killed Joseph
 15043 | D:9      | Reached skill level 14 in Staves
 15424 | D:9      | Noticed a two-headed ogre
 15436 | D:9      | Killed a two-headed ogre
 15436 | D:9      | Reached *** piety under Okawaru
 15437 | D:9      | Reached skill level 5 in Throwing
 15844 | D:9      | Noticed a queen ant
 16354 | D:9      | Noticed a two-headed ogre
 16374 | D:9      | Killed a two-headed ogre
 16374 | D:9      | Reached **** piety under Okawaru
 16473 | D:9      | Found a staircase to the Lair.
 16702 | D:9      | Reached XP level 11. HP: 59/64 MP: 9/11
 16763 | D:9      | Killed a queen ant
 17565 | D:5      | Bought an uncursed ring of poison resistance for 260 gold
                  | pieces
 17709 | D:10     | Entered Level 10 of the Dungeon
 18733 | D:10     | Received a gift from Okawaru
 18772 | D:10     | Noticed Grum
 18794 | D:10     | Reached skill level 10 in Throwing
 19390 | D:10     | HP: 2/64 [gargoyle/stone arrow (15)]
 20002 | D:10     | Found a staircase to the Orcish Mines.
 20206 | D:10     | Received a gift from Okawaru
 21830 | D:11     | Noticed a cyclops
 21854 | D:11     | Killed a cyclops
 22175 | D:11     | Received a gift from Okawaru
 22605 | D:11     | Noticed a white ugly thing
 22614 | D:11     | Noticed a white ugly thing
 22618 | D:11     | Killed a white ugly thing
 22634 | D:11     | Slain by a white ugly thing

Illustrated notes

Levels and vault maps discovered:
D:1:      dpeg_arrival_lava_temple_mockup, layout_basic,
          amcnicky_mini_pool_small
D:2:      minmay_door_path, layout_basic, nemelex_altar_shiori, uniq_natasha
D:3:      layout_rooms, nicolae_overflow_crystal_walls, uniq_jessica
D:4:      layout_loops_ring, lemuel_tele_altar, uniq_duvessa
D:5:      layout_loops_corners, kennysheep_mini_moat, temple_statues,
          serial_shops, shop, uniq_blork_the_orc, uniq_ijyb
D:6:      layout_basic, kennysheep_mini, st_stairs_8
D:7:      layout_loops_corners, grunt_temple_overflow_open, lemuel_doored_altar
D:8:      layout_basic, serial_shops, shop, chequers_jeans
D:9:      minmay_the_grid_net [minmay_the_grid_embedded, minmay_the_grid_garden,
          minmay_the_grid_odd_star, minmay_the_grid_tiny_cups,
          minmay_the_grid_outer_diamond, minmay_the_grid_prize_four_corners],
          layout_cave_pools, david_lair_shrubbed, minmay_another_anthill,
          uniq_joseph
D:10:     layout_irregular_city, zombieorc1_lemuel, nicolae_two_hexagons,
          uniq_grum
D:11:     layout_basic
Temple:   nicolae_temple_x_marks_the_god

Skill      XL: |  1  2  3  4  5  6  7  8  9 10 11 |
---------------+----------------------------------+-----
Staves         | 4 5 6 7 9 11 13 14 | 14.0
Throwing       | 8 11 | 11.9
Fighting       | |  2.0
Dodging        | |  3.0

Action                   |  1- 3 |  4- 6 |  7- 9 | 10-12 || total
-------------------------+-------+-------+-------+-------++-------
Melee: Quarterstaff      |    48 |    63 |   307 |   392 ||   810
       Constrict         |     9 |    15 |    61 |    56 ||   141
       Tentacles         |     5 |    18 |    83 |   102 ||   208
       Punch             |       |       |     2 |     7 ||     9
Throw: Dart              |       |       |       |    15 ||    15
Invok: Heroism           |       |       |     7 |    23 ||    30
Evoke: Wand              |       |     7 |       |     9 ||    16
  Use: Scroll            |       |       |    18 |     4 ||    22
       Potion            |       |       |     1 |     9 ||    10
 Stab: Sleeping          |     2 |     8 |     5 |     2 ||    17
       Distracted        |       |     1 |     1 |     1 ||     3
       Paralysed         |       |       |       |     7 ||     7
Armor: Skin              |     7 |     3 |    18 |    23 ||    51
Dodge: Dodged            |    42 |    25 |   170 |   161 ||   398
Block: Other             |       |       |    45 |    55 ||   100
       Reflection        |       |       |    10 |     1 ||    11
